[Event "1000GM 0004 IM Norm 2022"]
[Site "Saint Louis"]
[Date "2022.09.25"]
[Round "8.2"]
[White "Chen, Ryo"]
[Black "Yim, Sung Ho"]
[Result "1-0"]
[ECO "C90"]
[WhiteElo "2256"]
[BlackElo "2207"]
[Annotator "TA"]
[PlyCount "103"]
[EventDate "2022.09.21"]
[EventType "tourn"]
[EventCountry "USA"]
[SourceTitle "playchess.com"]
[Source "ChessBase"]
[SourceQuality "1"]
[TimeControl "5400+30"]

1. e4 e5 2. Nf3 Nc6 3. Bb5 a6 4. Ba4 Nf6 5. d3 b5 6. Bb3 Be7 7. O-O d6 8. c3 O-O 9. Nbd2 Na5 10. Bc2 c5 11. Re1 Nc6 12. Nf1 Re8 {[%emt 0:00:16] 12...h6 might become the main line.} 13. Bg5 {[%emt 0:01:25] C90: Closed Ruy Lopez with 7...d6: Early deviations.} Be6 14. Ne3 {[%emt 0:03:48] [#]} Rc8 $146 ({Predecessor:} 14... Nd7 15. Bxe7 Qxe7 16. d4 cxd4 17. cxd4 Nxd4 18. Nxd4 exd4 19. Qxd4 Rac8 20. Rad1 Rc6 {½-½ (101) Vaibhav,S (2535)-Kurnosov,I (2657) Abu Dhabi 2013}) 15. Bb3 {[%emt 0:01:25] The position is equal.} Qd7 16. a4 h6 17. Bh4 Bd8 18. axb5 (18. Bxe6 {looks sharper.} fxe6 19. axb5 axb5 20. Bxf6 Bxf6 21. Qb3) 18... axb5 19. Bxe6 Qxe6 20. Bxf6 Bxf6 21. Ra6 Bd8 {[%emt 0:02:52] Prevents Rb6.} 22. Qa1 g6 23. Qa2 Qxa2 24. Rxa2 Re7 25. Rea1 Rb7 26. h4 h5 27. Nd5 Kf8 28. g3 Ke8 29. Nd2 Kd7 30. Nf1 Rbb8 31. Nfe3 Rb7 32. Kg2 Ke8 33. Kh3 $36 {[%emt 0:00:59][%mdl 2048] Keeping Black busy.} Rbb8 (33... Kd7 $16) 34. Ra6 $18 Kd7 35. f3 Rb7 36. R6a2 (36. g4 $18) 36... Be7 $16 37. Ra6 ({White should play} 37. g4 $16) 37... Rcb8 $2 {[%emt 0:03:25] [#] White stays focused until the end.} ({Black should try} 37... Bd8 $1 $11) 38. g4 {[%emt 0:05:31] White is much more active.} hxg4+ (38... Rh8 $16 {keeps fighting.}) 39. fxg4 $18 f6 $2 (39... Rf8 40. Rf1 Nb8) 40. Rf1 Rf8 41. h5 gxh5 42. gxh5 Nb8 43. Ra8 {[%emt 0:02:30] [#] Hoping for Nf5.} Bd8 (43... Rh8 $142 44. Kh4 (44. Nxf6+ Ke6 $16) 44... Kc8) 44. Nf5 {[%emt 0:00:53] Pair of Knights!} Ke6 (44... Rh8 $142 45. h6 b4 46. cxb4 Kc6) 45. Rg1 Rh8 46. h6 b4 47. Kh4 bxc3 48. bxc3 Rb2 49. Rg7 {[%emt 0:01:40] White mates.} Re8 50. Rxb8 Rxb8 51. Ra7 Rg8 52. h7 {[%emt 0:00:16] Weighted Error Value: White=0.11 (very precise) /Black=0.55} 1-0

[Event "1000GM 0004 IM Norm 2022"]
[Site "Saint Louis"]
[Date "2022.09.25"]
[Round "8.3"]
[White "Marek, Matyas"]
[Black "Tsolakidou, Stavroula"]
[Result "1/2-1/2"]
[WhiteElo "2338"]
[BlackElo "2400"]
[Annotator "TA"]
[PlyCount "36"]
[EventDate "2022.09.21"]
[EventType "tourn"]
[EventCountry "USA"]
[SourceTitle "playchess.com"]
[Source "ChessBase"]
[SourceQuality "1"]
[TimeControl "5400+30"]

1. e4 e5 2. Nf3 Nf6 3. Nxe5 d6 4. Nf3 Nxe4 5. Qe2 Qe7 6. d3 Nf6 7. Bg5 Qxe2+ 8. Bxe2 Be7 {[#]} {Predecessor:} 9. O-O $146 {C42: Petroff Defence: 3 Nxe5 and unusual White 3rd moves.} h6 10. Bd2 c5 11. c4 Nc6 12. Nc3 O-O 13. Rfe1 Be6 14. Bd1 d5 15. Ba4 Rfd8 16. cxd5 Nxd5 17. Nxd5 Rxd5 18. Bxc6 bxc6 {½-½ (30) Nakamura,H (2750)-Mamedyarov,S (2776) Berlin 2022} 1/2-1/2

[Event "1000GM 0004 IM Norm 2022"]
[Site "Saint Louis"]
[Date "2022.09.25"]
[Round "8.5"]
[White "Eckert, Doug"]
[Black "Krishnan, Varun"]
[Result "0-1"]
[ECO "D31"]
[WhiteElo "2165"]
[BlackElo "2306"]
[Annotator "TA"]
[PlyCount "55"]
[EventDate "2022.09.21"]
[EventType "tourn"]
[EventCountry "USA"]
[SourceTitle "playchess.com"]
[Source "ChessBase"]
[SourceQuality "1"]
[TimeControl "5400+30"]

1. d4 d5 2. c4 e6 3. Nc3 c6 4. cxd5 exd5 5. Bf4 Bd6 6. Bxd6 Qxd6 7. e3 Ne7 8. Bd3 {[%emt 0:00:14] D31: Queen's Gambit Declined: Semi-Slav without ...Nf6 (+ Marshall Gambit and Noteboom) and Exchange Variation lines without ...Nf6.} Bf5 9. Nge2 O-O 10. O-O {[%emt 0:00:29] [#] The position is equal.} a5 $146 ({Predecessor:} 10... Nd7 11. Nf4 Nb6 12. Qh5 g6 13. Qe2 Rfe8 14. Rfe1 Bxd3 15. Nxd3 Nf5 16. Qf3 Re7 {½-½ (28) Rogozenco,D (2508)-Nisipeanu,L (2665) Bad Wiessee 2014}) 11. Ng3 Bg6 12. Bxg6 hxg6 13. Rc1 b5 14. Nce2 g5 15. Qd2 (15. f4 $14) 15... f5 $11 16. f3 Nd7 17. e4 (17. Nh1 $11) 17... f4 $1 $15 18. e5 {[%emt 0:02:56] [#]} ({White should play} 18. Nh1 $15) 18... Qb4 $1 $17 19. Qxb4 axb4 20. Nh1 Rxa2 21. Rc2 (21. Rb1 $17) 21... Nf5 22. Rb1 Rc8 23. Nc1 Ra7 {[%emt 0:05:20] Black has more active pieces. The white rooks are badly placed.} ({Don't play} 23... Nxd4 24. Rd2 Nxf3+ 25. gxf3 $14) 24. Rd2 (24. Nb3 $142) 24... Nb6 {[%emt 0:04:02] [#] And now ...Nc4 would win.} 25. b3 {[%emt 0:01:19] Inhibits Nc4.} (25. Nb3 $17 {might work better.}) 25... Rca8 $19 {[%emt 0:02:08] Strongly threatening ...Ra1.} 26. Ne2 Ra1 27. Rdb2 (27. Rdd1 Rxb1 28. Rxb1) 27... R8a2 28. Rxa2 {[%emt 0:01:57] Weighted Error Value: White=0.50/Black=0.11 (very precise)} 0-1

[Event "1000GM 0004 IM Norm 2022"]
[Site "Saint Louis"]
[Date "2022.09.25"]
[Round "9.1"]
[White "Krishnan, Varun"]
[Black "Denby, Caleb"]
[Result "0-1"]
[ECO "A70"]
[WhiteElo "2306"]
[BlackElo "2201"]
[Annotator "TA"]
[PlyCount "100"]
[EventDate "2022.09.21"]
[EventType "tourn"]
[EventCountry "USA"]
[SourceTitle "playchess.com"]
[Source "ChessBase"]
[SourceQuality "1"]
[TimeControl "5400+30"]

1. d4 Nf6 2. c4 c5 3. d5 e6 4. Nc3 exd5 5. cxd5 d6 6. Nf3 g6 7. h3 Bg7 8. e4 O-O 9. Be3 ({White should play} 9. Bd3 $14) 9... b5 {[%emt 0:04:29] A70: Modern Benoni: 6 e4 g6 7 Nf3.} (9... Re8 $11) 10. Bxb5 ({Better is} 10. e5 $1 $14 Nfd7 11. exd6) 10... Nxe4 $1 $11 11. Nxe4 Qa5+ {[%emt 0:00:28] The position is equal.} 12. Nfd2 Qxb5 13. Nxd6 {[%emt 0:00:11] Pair of Knights!} Qa6 {[%emt 0:00:04] [#]} ({Black should try} 13... Qxb2 $11 14. Rc1 Ba6) 14. Nxc8 $146 (14. Bxc5 Nd7 15. Ba3 (15. Nxc8 Rfxc8 16. Be3 Ne5 $17) 15... Ne5 $15) (14. N2c4 $5 ) ({Predecessor:} 14. N2c4 Nd7 15. O-O Nb6 16. Nxb6 Qxb6 17. Nxc8 Raxc8 {½-½ (17) Matijevic,H (2249)-Damjanovic,M (2307) Croatia 2009}) 14... Rxc8 15. Qc2 Nd7 {[%emt 0:01:30] And now ...Ne5 would win.} 16. Nc4 Nb6 17. Rc1 Nxd5 18. a3 {[%emt 0:03:02] [#] Inhibits Nb4.} (18. O-O $11 {is more appropriate.}) 18... Ne7 {[%emt 0:07:13] Black is more active.} (18... Bc3+ $1 $15 19. bxc3 Qxc4) 19. O-O Nf5 20. Rfe1 h5 21. Rcd1 Qc6 22. Bf4 Bd4 23. Be5 Re8 24. Bxd4 Nxd4 25. Qd3 Rad8 26. Kf1 Ne6 27. Ne5 Qc7 28. Qg3 Rxd1 29. Rxd1 h4 30. Qc3 {[%emt 0:01:17] Strongly threatening Nd7.} Ng5 31. f4 Ne4 $36 {[%emt 0:03:30][%mdl 2048] Black fights for an advantage.} 32. Qc4 Ng3+ (32... Rxe5 33. fxe5 Qxe5 34. Kg1 $16) 33. Kg1 {[%emt 0:00:10] Rd7 is the strong threat.} Re7 {[%emt 0:09:09] Prevents Rd7.} 34. Nxg6 Re4 (34... Re2 35. Qd5 (35. Nxh4 Re4 $11) 35... Kg7 36. Ne5 $16) 35. Qd5 {[%emt 0:00:30][%cal Od5g5] Black must now prevent Qg5!} Rd4 36. Rxd4 (36. Qa8+ Kg7 37. Rxd4 cxd4 38. Nxh4 (38. Qh8+ $2 Kxg6 39. Qg8+ Kf6 $19) 38... d3 $17) 36... cxd4 {[%emt 0:00:11][%mdl 4096] Endgame KQN-KQN. Really sharp!} 37. Qa8+ $2 (37. Kh2 $11 {and White stays safe.}) 37... Kg7 $19 38. Nxh4 {[%emt 0:00:03] [#]} (38. Qh8+ Kxg6 39. Qg8+ Kf6 40. Qg5+ Ke6 41. f5+ Nxf5 $19) 38... Qc1+ $1 (38... Qxf4 39. Nf3 $11) 39. Kh2 Nf1+ ({Weaker is} 39... Qxf4 40. Qf3 Nf1+ 41. Kg1 Qxh4 42. Kxf1 $16 (42. Qxf1 Qe4 $11)) (39... Ne2 $19 40. Nf3 Qxf4+ 41. Kh1 Qc1+ 42. Kh2 Qc7+ 43. Kh1 Qc1+ 44. Kh2 Qc7+ 45. Kh1 d3) 40. Kg1 Ne3+ ({Wrong is} 40... Ng3+ $2 41. Kh2 Ne2 42. Nf3 Qxf4+ 43. Kh1 Qc1+ 44. Kh2 Qc7+ 45. Kh1 $19) 41. Kh2 Nf1+ {[%emt 0:06:24][%mdl 1088] Discovered Attack. Black has compensation.} 42. Kg1 Ng3+ $2 (42... Ne3+ $11 43. Kh2 d3) 43. Kh2 Ne2 44. Nf5+ $2 (44. Nf3 Qxf4+ 45. Kh1) 44... Kh7 45. h4 Qxf4+ 46. g3 Qxf5 47. Kg2 d3 {[%emt 0:00:21] ( -> ...d2)} 48. Qd8 Qe4+ {[%emt 0:00:21] Black mates.} 49. Kh2 Qe3 50. Qc7 Qxg3+ {[%emt 0:00:12] Weighted Error Value: White=0.40/Black=0.22 (precise)} 0-1

[Event "1000GM 0004 IM Norm 2022"]
[Site "Saint Louis"]
[Date "2022.09.25"]
[Round "9.2"]
[White "Cervantes Landeiro, Thalia"]
[Black "Eckert, Doug"]
[Result "1-0"]
[ECO "C90"]
[WhiteElo "2280"]
[BlackElo "2165"]
[Annotator "RC"]
[PlyCount "103"]
[EventDate "2022.09.21"]
[EventType "tourn"]
[EventCountry "USA"]
[SourceTitle "playchess.com"]
[Source "ChessBase"]
[SourceQuality "1"]
[TimeControl "5400+30"]

1. e4 e5 2. Nf3 Nc6 3. Bb5 a6 4. Ba4 Nf6 5. d3 b5 6. Bb3 Be7 7. O-O d6 8. c3 O-O 9. Nbd2 Na5 10. Bc2 c5 11. Re1 Nc6 12. Nf1 Re8 13. Bg5 Be6 14. Ne3 Rc8 15. Bb3 Qd7 16. a4 h6 17. Bh4 Bd8 18. axb5 axb5 19. Bxe6 Qxe6 20. Bxf6 Bxf6 21. Ra6 Bd8 22. Qa1 g6 23. Qa2 Qxa2 24. Rxa2 Re7 25. Rea1 Rb7 26. h4 h5 27. Nd5 Kf8 28. g3 Ke8 29. Nd2 Kd7 30. Nf1 Rbb8 31. Nfe3 Rb7 32. Kg2 Ke8 33. Kh3 Rbb8 34. Ra6 Kd7 35. f3 Rb7 36. R6a2 Be7 37. Ra6 Rcb8 38. g4 hxg4+ 39. fxg4 f6 40. Rf1 Rf8 41. h5 gxh5 42. gxh5 Nb8 43. Ra8 Bd8 44. Nf5 Ke6 45. Rg1 Rh8 46. h6 b4 47. Kh4 bxc3 48. bxc3 Rb2 49. Rg7 Re8 50. Rxb8 Rxb8 51. Ra7 Rg8 52. h7 1-0